 Dungeon Crawl Stone Soup version 0.27.1-3-gb3d3a73c9e (webtiles) character file.

Game seed: 94080673102780057

30 horus123 the Shooter (level 3, -2/20 HPs)
             Began as a Deep Elf Arcane Marksman on Oct 30, 2021.
             Slain by a goblin (3 damage)
             ... on level 2 of the Dungeon.
             The game lasted 00:02:18 (697 turns).

horus123 the Shooter (Deep Elf Arcane Marksman)      Turns: 697, Time: 00:02:19

Health: -2/20      AC:  2    Str:  7    XL:     3   Next: 5%
Magic:  7/7        EV: 12    Int: 18    God:
Gold:   46         SH:  0    Dex: 15    Spells: 2/5 levels left

rFire    . . .     SeeInvis .   a - +0 shortbow
rCold    . . .     Faith    .   (shield currently unavailable)
rNeg     . . .     Spirit   .   d - +0 robe
rPois    .         Reflect  .   (no helmet)
rElec    .         Harm     .   (no cloak)
rCorr    .         Rampage  .   (no gloves)
Will     .....                  (no boots)
Stlth    +.........             (no amulet)
HPRegen  0.06/turn              (no ring)
MPRegen  0.10/turn              (no ring)

@: slowed, very slow
A: no striking features
a: no special abilities


You were on level 2 of the Dungeon.
You visited 1 branch of the dungeon, and saw 2 of its levels.

You collected 46 gold pieces.

Inventory:

Hand Weapons
 a - a +0 shortbow (weapon)
Armour
 d - a +0 robe (worn)
Scrolls
 b - a scroll of acquirement {unknown}
 e - a scroll of identify {unknown}
Potions
 f - a potion of haste {unknown}


   Skills:
 + Level 0.8 Fighting
 * Level 4.3 Bows
 + Level 2.5 Dodging
 + Level 1.7 Spellcasting
 * Level 4.2 Hexes


You had 2 spell levels left.
You knew the following spells:

 Your Spells              Type           Power      Damage    Failure   Level
a - Corona                Hex            17%        N/A       3%          1
b - Slow                  Hex            16%        N/A       4%          2

Your spell library contained the following spells:

 Spells                   Type           Power      Damage    Failure   Level
 Inner Flame              Hex/Fire       9%         N/A       24%         3
 Portal Projectile        Hex/Tloc       18%        N/A       24%         3
 Cause Fear               Hex            8%         N/A       32%         4


Dungeon Overview and Level Annotations

Branches:
Dungeon (1/15)

Altars:

Shops:
D:1 =

Annotations:
D:2 Natasha


Message History

The goblin hits you with a +0 club. Natasha barely misses you.
The goblin misses you. The adder completely misses you. The goblin misses you.
Natasha casts a spell at you. The magic dart hits you. The adder misses you.
The adder barely misses you. The goblin hits you but does no damage.
The adder bites you.
Natasha casts a spell. x2
The adder bites you. The goblin hits you with a +0 club.
* * * LOW HITPOINT WARNING * * *
Really attack while wielding your +0 shortbow? [Y]es or [N]o only, please.
Really attack while wielding your +0 shortbow? [Y]es or [N]o only, please.
Really attack while wielding your +0 shortbow?
Okay, then.
Really attack while wielding your +0 shortbow?
You clumsily bash the goblin but do no damage.
The goblin is moderately wounded.
The goblin closely misses you. The goblin barely misses you.
You closely miss the goblin. The goblin hits you but does no damage.
The goblin hits you with a +0 club.
* * * LOW HITPOINT WARNING * * *
Natasha howls an incantation.
You feel disoriented. Natasha claws you.
* * * LOW HITPOINT WARNING * * *
Unknown command.
Unknown command.
Unknown command.
Unknown command.
Unknown command.
Unknown command.
Unknown command.
Unknown command.
Unknown command.
You closely miss the goblin. The goblin hits you with a +0 club.
You die...

...... ### ......
..# ........... #.#
...(....... ###.###
(..........#+#.h.>.#
...............#@#.#
......###+#.(..#g# #
...?..## #...(5S#
.......##+#....5.#
#.......).....+
#.............#
#........##...#
#........##...#
#.............#


You could see an iron imp (summoned), Natasha, an adder, a white imp (summoned)
and a goblin.

Vanquished Creatures
  2 dart slugs (D:1)
  4 ball pythons
  An endoplasm (D:1)
  3 giant cockroaches (D:1)
  A goblin (D:1)
  A hobgoblin (D:1)
  4 jackals (D:1)
  A quokka (D:1)
  4 bats
  2 kobolds
  2 rats (D:1)
25 creatures vanquished.

Notes
Turn   | Place    | Note
-------+----------+-------------------------------------------
     0 | D:1      | horus123 the Deep Elf Arcane Marksman began the quest for
                  | the Orb.
     0 | D:1      | Reached XP level 1. HP: 11/11 MP: 5/5
    96 | D:1      | Reached XP level 2. HP: 7/16 MP: 6/6
   501 | D:1      | Found Ugroade's Jewellery Emporium.
   558 | D:1      | Reached XP level 3. HP: 18/20 MP: 7/7
   630 | D:1      | You fall into a shaft and drop 1 floor!
   659 | D:2      | Learned a level 2 spell: Slow
   675 | D:2      | Noticed Natasha
   696 | D:2      | HP: 1/20 [Natasha (3)]
   697 | D:2      | Slain by a goblin

Illustrated notes

Levels and vault maps discovered:
D:1:      denvon_arrival_planthouse, layout_loops_ring, serial_shops,
          shop_statue
D:2:      layout_basic, serial_shops, shop, uniq_natasha

Skill      XL: |  1  2 |
---------------+-------+-----
Bows           | 3 4 |  4.3
Fighting       | |  0.8
Dodging        | |  2.5
Spellcasting   | |  1.7
Hexes          | |  4.2

Action                   || total
-------------------------++-------
Melee: Shortbow          ||     3
 Fire: Shortbow          ||    81
 Cast: Corona            ||     6
Armor: Robe              ||    11
Dodge: Dodged            ||    35
